 Dungeon Crawl Stone Soup version 0.27.0-1-g7a089689b8 (webtiles) character file.

Game seed: 4998489104213571109

613 geeseburger the Skirmisher (level 7, -5/84 (85) HPs)
             Began as a Palentonga Fighter on Aug 14, 2021.
             Slain by a wight (9 damage)
             ... in the Ecumenical Temple.
             The game lasted 00:14:36 (4736 turns).

geeseburger the Skirmisher (Palentonga Fighter)     Turns: 4736, Time: 00:14:36

HP:   -5/84 (85)    AC: 30    Str: 25    XL:     7   Next: 20%
MP:   7/7           EV:  1    Int:  9    God:
Gold: 181           SH: 10    Dex: 17    Spells: 6/6 levels left

rFire    . . .     SeeInvis +   m - +6 flail (protect)
rCold    . . .     Faith    .   c - +0 kite shield
rNeg     + + +     Spirit   .   (armour currently unavailable)
rPois    +         Reflect  .   (helmet currently unavailable)
rElec    .         Harm     .   (cloak currently unavailable)
rCorr    .         Rampage  .   (gloves currently unavailable)
Will     .....     NoTele   +   (no barding)
Stlth    ++........             (no amulet)
HPRegen  0.24/turn              g - +6 ring of dexterity
MPRegen  0.10/turn              p - +6 ring of strength

@: tree-form, under a protective aura, lightly drained
A: stationary, stasis, torment immunity, boosted hp, large, rugged brown scales
3, see invisible, (deformed body), (roll 1), (armoured tail), (reflexive curl),
(horns 1), frail 1
a: no special abilities


You were in the Ecumenical Temple.
You were a tree.
You visited 2 branches of the dungeon, and saw 8 of its levels.

You collected 181 gold pieces.

Inventory:

Hand Weapons
 a - a +0 long sword
 d - a +2 flail of draining
 i - a +5 quick blade
 m - a +6 flail of protection (weapon)
Missiles
 l - a throwing net
Armour
 b - a +0 scale mail (melded)
 c - a +0 kite shield (worn)
Jewellery
 f - a ring of fire
 g - a +6 ring of dexterity (left branch)
 k - a +6 ring of intelligence
 p - a +6 ring of strength (right branch)
Wands
 q - a wand of iceblast (13)
Scrolls
 r - a scroll of fear
Potions
 e - 2 potions of flight


   Skills:
 * Level 6.8 Fighting
 - Level 2.0 Long Blades
 + Level 1.6 Maces & Flails
 - Level 2.4 Armour
 + Level 3.3 Dodging
 - Level 2.4 Shields


You had 6 spell levels left.
You didn't know any spells.
Your spell library was empty.

Dungeon Overview and Level Annotations

Branches:
Dungeon (7/15)             Temple (1/1) D:7

Altars:

Shops:
D:1 *

Annotations:
D:5 Menkaure
D:6 Dowan, Duvessa


Innate Abilities, Weirdness & Mutations

You are a tree.
Your roots penetrate the ground, keeping you stationary.
You cannot be teleported.
You are immune to unholy pain and torment.
Your maximum health is greatly increased.
Your equipment is partially melded.
(You are completely covered in rugged brown scales. (AC +3, +7% HP))
You have supernaturally acute eyesight. (SInv)
((Armour fits poorly on your strangely shaped body.))
((You can roll at nearby foes to attack.))
((You have a long armoured tail.))
((You curl defensively after being hit.))
((You have a pair of small horns on your head.))
You are frail. (-10% HP)


Message History

5 wights come into view.
Found a pair of gloves.
Found a staircase to the Ecumenical Temple.
There is a stone staircase leading up here.
You block the wight's attack.
The wight hits you from afar with a +0 halberd.
* * * LOW HITPOINT WARNING * * *
You feel drained.
* * * LOW HITPOINT WARNING * * *
Found 7 sling bullets.
Found a crooked bronze wand and a wand of iceblast (12).
Found a ring mail.
There is a staircase to the Ecumenical Temple here.
The wight hits you but does no damage.
You climb downwards.
Welcome to the Ecumenical Temple!
There is a staircase back to the Dungeon here.
You closely miss the wight. The wight hits you with a +0 hand axe!
* * * LOW HITPOINT WARNING * * *
You hit the wight.
Your weapon exudes an aura of protection.
Your tail-slap misses the wight.
The wight is moderately damaged.
The wight hits you with a +0 hand axe!
* * * LOW HITPOINT WARNING * * *
The wight hits you but does no damage.
Really quaff the potion of lignification?
You turn into a tree.
Your +0 scale mail melds into your body.
Your roots penetrate the ground.
You block the wight's attack.
You barely miss the wight.
The wight is moderately damaged.
The wight hits you but does no damage.
You hit the wight.
Your weapon exudes an aura of protection.
The wight is heavily damaged.
The wight hits you but does no damage. x2
You thump the wight!
The wight is almost destroyed.
The wight hits you with a +0 hand axe!
You die...

## ...##
.....#######
. .........#
....#......#
......z♣...#
####.......#
#.......#
#########


You could see a wight.

Vanquished Creatures
  Sigmund (D:2)
  An ogre (D:4)
  A wyvern zombie (D:4)
  A hound (D:4)
  Jessica (D:2)
  13 gnolls
  4 adders
  A white imp (D:4)
  An adder skeleton (D:4)
  3 worms (D:4)
  2 dart slugs
  3 orcs (D:4)
  4 ball pythons
  6 endoplasms
  3 giant cockroaches
  5 goblins
  5 hobgoblins
  5 quokkas
  5 bats (D:2)
  4 frilled lizards
  5 kobolds
  4 rats
78 creatures vanquished.

Notes
Turn   | Place    | Note
-------+----------+-------------------------------------------
     0 | D:1      | geeseburger the Palentonga Fighter began the quest for the
                  | Orb.
     0 | D:1      | Reached XP level 1. HP: 19/19 MP: 1/1
   324 | D:1      | Reached XP level 2. HP: 25/25 MP: 2/2
   418 | D:1      | Found Hifekly's Assorted Antiques.
   853 | D:1      | Reached skill level 1 in Dodging
   946 | D:2      | Reached XP level 3. HP: 32/32 MP: 3/3
   985 | D:2      | Noticed Sigmund
   989 | D:2      | Killed Sigmund
   990 | D:2      | Reached skill level 5 in Fighting
   990 | D:2      | Reached XP level 4. HP: 13/41 MP: 4/4
   990 | D:2      | Reached XP level 5. HP: 14/47 MP: 5/5
  1430 | D:2      | Found a faded altar of an unknown god.
  1888 | D:2      | Noticed Jessica
  1889 | D:2      | Killed Jessica
  1969 | D:2      | Reached XP level 6. HP: 52/55 MP: 6/6
  1982 | D:2      | Gained mutation: You are frail. (-10% HP) [potion of
                  | mutation]
  1982 | D:2      | Gained mutation: You have a pair of small horns on your
                  | head. [potion of mutation]
  2326 | D:2      | Identified a scroll of acquirement
  2326 | D:2      | Acquired a +5 quick blade
  2636 | D:3      | Reached skill level 6 in Fighting
  3740 | D:4      | Reached skill level 1 in Maces & Flails
  4216 | D:4      | Gained mutation: You curl defensively after being hit.
                  | [Palentonga growth]
  4216 | D:4      | Reached XP level 7. HP: 47/57 MP: 7/7
  4588 | D:5      | Entered Level 5 of the Dungeon
  4700 | D:5      | Noticed Menkaure
  4720 | D:6      | Noticed Duvessa
  4720 | D:6      | Noticed Dowan
  4723 | D:7      | Found a staircase to the Ecumenical Temple.
  4730 | Temple   | Entered the Ecumenical Temple
  4732 | Temple   | HP: 1/56 [wight (8)]
  4736 | Temple   | Slain by a wight

Illustrated notes

Levels and vault maps discovered:
D:1:      dpeg_arrival_pits, layout_basic, serial_shops, shop, minmay_distorted
D:2:      layout_loops_corners, hellmonk_ecumenical_altar_crossroads,
          minmay_pentomino_q4, uniq_jessica, uniq_sigmund
D:3:      layout_basic, serial_rivers, chequers_serial_rivers_micro_a,
          chequers_serial_rivers_small_3, chequers_serial_rivers_marsh,
          chequers_serial_rivers_room_b, amcnicky_mini_corridor_feature,
          chequers_serial_rivers_micro_c, minmay_misc_feat_x,
          minmay_misc_feat_hallway
D:4:      layout_basic
D:5:      layout_gridville, okawaru_ov_weapons_minmay, evilmike_ruin_ashenzari,
          uniq_pikel, uniq_menkaure
D:6:      layout_cave_pools, cheibriados_altar_1, enter_ossuary_1,
          ebering_ghost_xom, uniq_duvessa
D:7:      layout_loops_cross, lemuel_coloured_pillars_altar,
          minmay_temple_entry_grid, enter_bailey_2, hangedman_misty_isle
Temple:   regret_index_temple_waves

Skill      XL: |  1  2  3  4  5  6 |
---------------+-------------------+-----
Dodging        | 1 2 3 |  3.3
Fighting       | 5 6 |  6.8
Maces & Flails | 1 |  1.6
Long Blades    | |  2.0
Armour         | |  2.4
Shields        | |  2.4

Action                   |  1- 3 |  4- 6 |  7- 9 || total
-------------------------+-------+-------+-------++-------
Melee: Long sword        |    57 |    25 |       ||    82
       Tailslap          |    10 |    16 |     1 ||    27
       Flail             |       |    63 |    16 ||    79
       Quick blade       |       |    28 |       ||    28
       Headbutt          |       |    18 |     5 ||    23
 Abil: Rolling Charge    |       |       |     2 ||     2
  Use: Scroll            |     3 |     4 |     3 ||    10
       Potion            |     1 |     1 |     1 ||     3
Armor: Scale mail        |    25 |    57 |     8 ||    90
       Skin              |       |       |     3 ||     3
Dodge: Dodged            |     9 |    36 |     7 ||    52
Block: Kite shield       |    20 |    56 |    11 ||    87
       Rpst.: Long sword |     1 |     4 |       ||     5
